[ AOE2 MATCH · #461115802 ]
Team RMEthiopians vs Magyars
[ REPLAY ANALYSIS · EXTRACTED FROM THE RECORDED GAME ]
Feudal
9:59
Castle
20:07
Imperial
34:13
| APM avg | 47.4 |
| APM peak | 112 |
| eAPM avg | 16.4 |
| Villagers / military | 102 / 122 |
Focus
⚔️ 28.3% · 🌾 71.7%
Archer ×102 · Shotel Warrior ×13 · Trebuchet (Packed) ×4 · Mangonel ×2 · Monk ×1
Feudal
10:33
Castle
16:28
Imperial
32:06
| APM avg | 19.8 |
| APM peak | 51 |
| eAPM avg | 11.2 |
| Villagers / military | 74 / 40 |
Focus
⚔️ 24.0% · 🌾 76.0%
Skirmisher ×34 · Mangonel ×3 · Trebuchet (Packed) ×2 · Monk ×1 · Unknown (2550) ×1
Feudal
11:36
Castle
17:01
Imperial
39:07
| APM avg | 35.9 |
| APM peak | 82 |
| eAPM avg | 22.0 |
| Villagers / military | 94 / 140 |
Focus
⚔️ 27.2% · 🌾 72.8%
Militia ×76 · Spearman ×64
Feudal
10:05
Castle
21:46
Imperial
—
| APM avg | 37.1 |
| APM peak | 63 |
| eAPM avg | 15.9 |
| Villagers / military | 117 / 88 |
Focus
⚔️ 38.7% · 🌾 61.3%
Cavalry Archer ×66 · Archer ×17 · Mangonel ×3 · Spearman ×2
Feudal
12:05
Castle
24:54
Imperial
—
| APM avg | 19.3 |
| APM peak | 51 |
| eAPM avg | 9.6 |
| Villagers / military | 79 / 17 |
Focus
⚔️ 13.1% · 🌾 86.9%
Scout Cavalry ×17
Feudal
11:21
Castle
14:47
Imperial
32:18
| APM avg | 25.9 |
| APM peak | 55 |
| eAPM avg | 14.0 |
| Villagers / military | 126 / 77 |
Focus
⚔️ 19.6% · 🌾 80.4%
Knight ×64 · Trebuchet (Packed) ×4 · Petard ×3 · Camel Scout ×3 · Monk ×1 · Mangonel ×1
Match map
Initial resources + every placement click. Lines = walls · curves = elevation contours. ◆ gold · ⬟ stone · ● berries · ✦ relic · ◌ wall gap
Inputs per minute
— HorkTheLegend - - JenbkaExile
Build order — HorkTheLegend
First 150 of 310 actions detected
| 0:01 | Create | Villager (Male) ×4 |
| 0:02 | Build | House |
| 0:03 | Build | House |
| 1:31 | Create | Villager (Male) |
| 1:31 | Create | Villager (Male) |
| 1:45 | Build | Lumber Camp |
| 1:58 | Create | Villager (Male) |
| 1:58 | Create | Villager (Male) |
| 2:24 | Create | Villager (Male) |
| 2:25 | Create | Villager (Male) |
| 2:56 | Create | Villager (Male) |
| 2:56 | Create | Villager (Male) |
| 3:08 | Create | Villager (Male) |
| 3:08 | Create | Villager (Male) |
| 3:24 | Build | House |
| 3:44 | Create | Villager (Male) |
| 3:54 | Create | Villager (Male) |
| 3:54 | Create | Villager (Male) |
| 3:57 | Build | Mill |
| 4:22 | Create | Villager (Male) |
| 4:22 | Create | Villager (Male) |
| 4:54 | Create | Villager (Male) |
| 5:14 | Create | Villager (Male) |
| 5:32 | Build | House |
| 5:38 | Create | Villager (Male) |
| 5:44 | Create | Villager (Male) |
| 6:10 | Build | Farm |
| 6:23 | Build | Farm |
| 6:26 | Create | Villager (Male) |
| 7:01 | Create | Villager (Male) |
| 7:18 | Research | Loom |
| 7:34 | Create | Villager (Male) |
| 7:49 | Research | Feudal Age |
| 7:54 | Build | Mining Camp |
| 8:34 | Build | Barracks |
| 8:43 | Build | Barracks |
| 8:46 | Create | Villager (Male) |
| 9:12 | Build | House |
| 9:59 | Age | Feudal Age |
| 10:04 | Build | Archery Range |
| 10:18 | Build | Stone Wall |
| 10:19 | Create | Villager (Male) |
| 10:24 | Create | Villager (Male) |
| 10:27 | Build | House |
| 10:31 | Research | Double-Bit Axe |
| 10:45 | Create | Villager (Male) |
| 10:54 | Create | Archer |
| 10:54 | Create | Archer |
| 11:00 | Build | Building 487 |
| 11:06 | Build | Stone Wall |
| 11:08 | Create | Villager (Male) |
| 11:11 | Build | Farm |
| 11:15 | Create | Archer |
| 11:20 | Build | Farm |
| 11:42 | Create | Villager (Male) |
| 11:56 | Create | Archer |
| 12:06 | Build | Blacksmith |
| 12:25 | Create | Villager (Male) |
| 12:30 | Build | Lumber Camp |
| 12:37 | Create | Archer |
| 12:41 | Build | Stone Wall |
| 12:44 | Build | Stone Wall |
| 12:46 | Create | Villager (Male) |
| 12:56 | Research | Horse Collar |
| 12:56 | Research | Horse Collar |
| 13:14 | Create | Villager (Male) |
| 13:25 | Build | Stone Wall |
| 13:27 | Build | Stone Wall |
| 13:29 | Create | Villager (Male) |
| 13:36 | Build | Farm |
| 13:43 | Build | Farm |
| 13:46 | Create | Villager (Male) |
| 13:48 | Build | House |
| 13:51 | Build | House |
| 13:55 | Build | Farm |
| 13:58 | Create | Archer |
| 14:34 | Build | House |
| 14:37 | Research | Fletching |
| 14:37 | Create | Villager (Male) |
| 14:43 | Build | Farm |
| 14:46 | Create | Villager (Male) |
| 14:50 | Build | Farm |
| 14:58 | Create | Archer |
| 15:08 | Build | Farm |
| 15:14 | Build | House |
| 15:16 | Create | Archer |
| 15:32 | Build | Farm |
| 15:35 | Create | Villager (Male) |
| 15:40 | Create | Archer |
| 15:58 | Build | Farm |
| 16:00 | Create | Villager (Male) |
| 16:16 | Build | Farm |
| 16:19 | Create | Archer |
| 16:32 | Create | Villager (Male) |
| 16:33 | Build | Farm |
| 17:07 | Build | Market |
| 17:18 | Create | Archer |
| 17:18 | Create | Archer |
| 17:27 | Research | Castle Age |
| 17:43 | Create | Villager (Male) |
| 17:43 | Create | Villager (Male) |
| 18:01 | Build | House |
| 18:02 | Build | House |
| 18:13 | Create | Archer |
| 18:23 | Create | Archer |
| 18:32 | Build | Mining Camp |
| 18:40 | Create | Villager (Male) |
| 18:51 | Create | Archer |
| 18:57 | Build | Archery Range |
| 19:12 | Build | House |
| 19:12 | Build | House |
| 19:37 | Create | Archer |
| 19:45 | Build | House |
| 19:53 | Create | Archer |
| 19:53 | Create | Archer |
| 20:07 | Age | Castle Age |
| 20:09 | Research | Crossbowman (upgrade) |
| 20:13 | Research | Bodkin Arrow |
| 20:20 | Build | House |
| 20:23 | Research | Wheelbarrow |
| 20:35 | Create | Archer |
| 20:54 | Build | House |
| 20:55 | Build | House |
| 21:01 | Create | Archer |
| 21:01 | Create | Archer |
| 21:23 | Create | Villager (Male) |
| 21:26 | Create | Archer |
| 21:26 | Create | Archer |
| 21:37 | Build | Town Center |
| 21:39 | Create | Villager (Male) |
| 21:56 | Build | House |
| 21:58 | Build | House |
| 22:18 | Research | Bow Saw |
| 22:26 | Create | Archer |
| 22:26 | Create | Archer |
| 22:27 | Create | Villager (Male) |
| 22:32 | Research | Padded Archer Armor |
| 23:00 | Create | Villager (Male) |
| 23:03 | Build | House |
| 23:04 | Build | House |
| 23:31 | Build | Siege Workshop |
| 23:32 | Create | Villager (Male) |
| 23:33 | Create | Villager (Male) |
| 23:43 | Build | University |
| 23:44 | Create | Villager (Male) |
| 23:45 | Create | Villager (Male) |
| 23:48 | Research | Town Watch |
| 24:01 | Build | House |
| 24:02 | Build | House |
| 24:11 | Create | Villager (Male) |
Build order — JenbkaExile
First 150 of 203 actions detected
| 0:04 | Build | House |
| 0:06 | Build | House |
| 0:07 | Create | Villager (Male) |
| 0:07 | Create | Villager (Male) |
| 0:07 | Create | Villager (Male) |
| 0:08 | Create | Villager (Male) |
| 1:42 | Create | Villager (Male) |
| 1:54 | Build | Settlement |
| 2:09 | Create | Villager (Male) |
| 2:37 | Create | Villager (Male) |
| 2:59 | Create | Villager (Male) |
| 3:28 | Create | Villager (Male) |
| 3:48 | Create | Villager (Male) |
| 4:09 | Create | Villager (Male) |
| 4:28 | Build | Settlement |
| 4:47 | Research | Loom |
| 5:08 | Build | Palisade Wall |
| 5:20 | Create | Villager (Male) |
| 5:20 | Create | Villager (Male) |
| 5:47 | Create | Villager (Male) |
| 6:14 | Create | Villager (Male) |
| 6:30 | Build | Palisade Wall |
| 6:34 | Build | Palisade Wall |
| 6:57 | Create | Villager (Male) |
| 7:35 | Create | Villager (Male) |
| 8:23 | Research | Feudal Age |
| 8:39 | Build | Settlement |
| 9:14 | Build | Barracks |
| 10:33 | Age | Feudal Age |
| 10:39 | Build | Stone Wall |
| 10:50 | Build | Stone Wall |
| 11:00 | Create | Villager (Male) |
| 11:01 | Create | Villager (Male) |
| 11:14 | Build | Archery Range |
| 11:57 | Create | Villager (Male) |
| 13:01 | Build | Blacksmith |
| 13:48 | Research | Castle Age |
| 13:53 | Build | Farm |
| 14:08 | Research | Double-Bit Axe |
| 14:40 | Research | Horse Collar |
| 16:28 | Age | Castle Age |
| 16:56 | Build | Town Center |
| 17:00 | Create | Villager (Male) |
| 17:30 | Build | Farm |
| 17:33 | Build | Farm |
| 17:35 | Build | Farm |
| 17:38 | Create | Villager (Male) |
| 17:47 | Build | Outpost |
| 17:53 | Build | Outpost |
| 17:55 | Build | Outpost |
| 17:57 | Create | Villager (Male) |
| 18:03 | Create | Villager (Male) |
| 18:04 | Create | Villager (Male) |
| 18:18 | Build | Farm |
| 18:21 | Create | Villager (Male) |
| 18:36 | Build | Building 487 |
| 18:42 | Create | Unit 2550 |
| 18:49 | Build | Farm |
| 18:50 | Create | Villager (Male) |
| 18:56 | Build | Farm |
| 18:58 | Build | Farm |
| 19:04 | Build | Farm |
| 19:20 | Create | Villager (Male) |
| 19:24 | Build | Farm |
| 19:32 | Build | House |
| 19:33 | Build | House |
| 19:35 | Build | House |
| 19:36 | Build | House |
| 19:38 | Build | House |
| 19:40 | Build | House |
| 19:44 | Create | Villager (Male) |
| 19:55 | Build | Farm |
| 20:14 | Create | Villager (Male) |
| 20:14 | Create | Villager (Male) |
| 20:25 | Create | Villager (Male) |
| 20:51 | Build | Siege Workshop |
| 21:06 | Create | Villager (Male) |
| 21:06 | Create | Villager (Male) |
| 21:30 | Create | Mangonel |
| 21:47 | Build | Farm |
| 21:51 | Build | Farm |
| 22:18 | Create | Villager (Male) |
| 22:18 | Create | Villager (Male) |
| 22:22 | Research | Squires |
| 23:08 | Build | Town Center |
| 23:12 | Create | Villager (Male) |
| 23:13 | Create | Villager (Male) |
| 23:14 | Create | Villager (Male) |
| 23:42 | Create | Villager (Male) |
| 23:53 | Build | University |
| 24:01 | Create | Villager (Male) |
| 24:01 | Create | Villager (Male) |
| 24:11 | Build | Barracks |
| 24:23 | Build | Archery Range |
| 24:26 | Create | Villager (Male) |
| 24:26 | Create | Villager (Male) |
| 24:42 | Create | Mangonel |
| 25:08 | Build | Stone Wall |
| 25:21 | Build | Stone Wall |
| 25:23 | Build | Stone Wall |
| 25:24 | Build | Stone Wall |
| 25:55 | Research | Elite Skirmisher (upgrade) |
| 25:55 | Create | Skirmisher |
| 25:55 | Create | Skirmisher |
| 26:48 | Create | Villager (Male) |
| 26:49 | Create | Villager (Male) |
| 26:51 | Research | Masonry |
| 27:07 | Build | Castle |
| 27:25 | Build | Stone Wall |
| 27:56 | Build | Market |
| 28:45 | Build | Monastery |
| 28:56 | Research | Imperial Age |
| 28:57 | Create | Villager (Male) |
| 28:57 | Create | Villager (Male) |
| 29:06 | Build | Stone Wall |
| 29:12 | Create | Monk |
| 29:21 | Research | Fletching |
| 29:44 | Build | Stone Wall |
| 30:36 | Build | Stone Wall |
| 30:49 | Build | Stone Wall |
| 30:54 | Create | Skirmisher |
| 30:55 | Create | Skirmisher |
| 30:55 | Create | Skirmisher |
| 30:56 | Create | Skirmisher |
| 32:05 | Create | Villager (Male) |
| 32:05 | Create | Villager (Male) |
| 32:06 | Age | Imperial Age |
| 32:09 | Create | Trebuchet (Packed) |
| 32:46 | Create | Villager (Male) |
| 32:47 | Create | Villager (Male) |
| 32:47 | Create | Villager (Male) |
| 32:48 | Create | Villager (Male) |
| 32:48 | Create | Villager (Male) |
| 32:52 | Build | Farm |
| 32:52 | Build | Farm |
| 32:52 | Build | Farm |
| 32:53 | Build | Farm |
| 32:53 | Build | Farm |
| 32:53 | Build | Farm |
| 32:54 | Build | Farm |
| 33:03 | Build | Settlement |
| 33:09 | Create | Trebuchet (Packed) |
| 33:39 | Create | Villager (Male) |
| 33:40 | Create | Villager (Male) |
| 33:48 | Research | Gold Mining |
| 33:58 | Research | Tech 1402 |
| 34:01 | Research | Pikeman (upgrade) |
| 34:16 | Create | Villager (Male) |
| 34:16 | Create | Villager (Male) |
| 34:56 | Create | Skirmisher ×5 |
Build order — alexisxsegura
First 150 of 403 actions detected
| 0:03 | Build | House |
| 0:05 | Build | House |
| 0:05 | Create | Villager (Male) |
| 0:28 | Create | Villager (Male) |
| 0:28 | Create | Villager (Male) |
| 0:44 | Create | Villager (Male) |
| 1:32 | Create | Villager (Male) |
| 2:07 | Create | Villager (Male) |
| 2:25 | Create | Villager (Male) |
| 2:54 | Create | Villager (Male) |
| 3:23 | Create | Villager (Male) |
| 3:29 | Build | House |
| 3:34 | Build | Mill |
| 3:38 | Create | Villager (Male) |
| 4:11 | Create | Villager (Male) |
| 4:43 | Create | Villager (Male) |
| 4:58 | Build | Lumber Camp |
| 5:10 | Create | Villager (Male) |
| 5:30 | Create | Villager (Male) |
| 5:51 | Create | Villager (Male) |
| 5:57 | Build | House |
| 5:59 | Build | House |
| 6:08 | Create | Villager (Male) |
| 6:47 | Create | Villager (Male) |
| 6:55 | Build | Mining Camp |
| 7:10 | Research | Loom |
| 7:10 | Research | Loom |
| 7:43 | Create | Villager (Male) |
| 8:11 | Create | Villager (Male) |
| 8:29 | Create | Villager (Male) |
| 8:45 | Build | Lumber Camp |
| 8:51 | Create | Villager (Male) |
| 9:04 | Research | Feudal Age |
| 9:04 | Research | Feudal Age |
| 9:29 | Build | Farm |
| 9:33 | Build | Farm |
| 9:51 | Build | Palisade Wall |
| 9:53 | Build | Palisade Wall |
| 9:56 | Build | Palisade Wall |
| 9:58 | Build | Palisade Wall |
| 10:03 | Build | Palisade Wall |
| 10:06 | Build | Palisade Wall |
| 10:11 | Build | Palisade Wall |
| 10:13 | Build | Palisade Wall |
| 10:19 | Build | Palisade Wall |
| 10:24 | Build | Palisade Wall |
| 10:26 | Build | Palisade Wall |
| 10:37 | Build | Farm |
| 10:39 | Build | Farm |
| 10:43 | Build | Farm |
| 11:08 | Build | Farm |
| 11:36 | Age | Feudal Age |
| 11:39 | Create | Villager (Male) |
| 11:41 | Create | Villager (Male) |
| 11:48 | Build | Market |
| 12:05 | Build | Palisade Wall |
| 12:08 | Build | Palisade Wall |
| 12:28 | Build | Blacksmith |
| 12:35 | Create | Villager (Male) |
| 12:48 | Build | House |
| 13:03 | Build | Farm |
| 13:06 | Create | Villager (Male) |
| 13:23 | Build | Farm |
| 13:24 | Create | Villager (Male) |
| 13:48 | Build | Farm |
| 13:51 | Build | Farm |
| 13:56 | Create | Villager (Male) |
| 14:00 | Build | Farm |
| 14:09 | Research | Castle Age |
| 14:46 | Build | Barracks |
| 15:24 | Research | Gold Mining |
| 15:35 | Build | Farm |
| 15:38 | Build | Farm |
| 15:46 | Build | House |
| 15:49 | Research | Man-at-Arms (upgrade) |
| 15:49 | Research | Man-at-Arms (upgrade) |
| 16:03 | Build | House |
| 16:33 | Build | Farm |
| 16:35 | Build | Farm |
| 16:37 | Research | Horse Collar |
| 16:42 | Research | Double-Bit Axe |
| 16:45 | Create | Militia |
| 16:46 | Create | Militia |
| 16:47 | Create | Militia |
| 16:51 | Build | House |
| 17:01 | Age | Castle Age |
| 17:07 | Create | Villager (Male) |
| 17:11 | Research | Wheelbarrow |
| 17:14 | Create | Militia |
| 17:20 | Create | Militia |
| 17:26 | Research | Bow Saw |
| 17:26 | Research | Bow Saw |
| 17:43 | Build | House |
| 17:44 | Build | House |
| 17:48 | Create | Militia |
| 18:07 | Research | Heavy Plow |
| 18:07 | Research | Heavy Plow |
| 18:11 | Create | Militia |
| 18:30 | Create | Militia |
| 18:32 | Create | Villager (Male) |
| 18:50 | Create | Militia |
| 18:59 | Build | Lumber Camp |
| 19:07 | Create | Villager (Male) |
| 19:09 | Create | Militia |
| 19:16 | Research | Long Swordsman (upgrade) |
| 19:16 | Research | Long Swordsman (upgrade) |
| 19:29 | Create | Militia |
| 19:31 | Create | Villager (Male) |
| 19:34 | Build | Farm |
| 19:37 | Build | Farm |
| 19:55 | Create | Villager (Male) |
| 20:16 | Build | Town Center |
| 20:24 | Create | Villager (Male) |
| 20:25 | Create | Militia |
| 20:28 | Build | Farm |
| 20:35 | Build | Farm |
| 20:42 | Create | Militia |
| 21:02 | Create | Militia |
| 21:06 | Build | House |
| 21:07 | Build | House |
| 21:08 | Build | House |
| 21:09 | Build | House |
| 21:17 | Research | Squires |
| 21:19 | Create | Villager (Male) |
| 21:28 | Build | Farm |
| 21:35 | Create | Militia |
| 21:50 | Create | Villager (Male) |
| 21:53 | Build | Farm |
| 21:57 | Create | Militia |
| 22:07 | Create | Villager (Male) |
| 22:10 | Build | Barracks |
| 22:22 | Create | Villager (Male) |
| 22:24 | Create | Villager (Male) |
| 22:38 | Create | Villager (Male) |
| 22:41 | Build | Farm |
| 22:44 | Build | Farm |
| 22:46 | Create | Militia |
| 22:55 | Build | House |
| 22:58 | Create | Villager (Male) |
| 22:59 | Create | Villager (Male) |
| 23:03 | Create | Militia |
| 23:13 | Create | Villager (Male) |
| 23:13 | Create | Villager (Male) |
| 23:17 | Create | Militia |
| 23:21 | Build | House |
| 23:22 | Build | House |
| 23:23 | Build | House |
| 23:38 | Create | Militia |
| 23:39 | Create | Militia |
| 23:41 | Create | Militia |
Build order — SheepofLegend
First 150 of 279 actions detected
| 0:02 | Create | Villager (Male) |
| 0:02 | Create | Villager (Male) |
| 0:03 | Create | Villager (Male) |
| 0:05 | Build | House |
| 0:07 | Build | House |
| 0:29 | Create | Villager (Male) |
| 0:29 | Create | Villager (Male) |
| 1:23 | Create | Villager (Male) |
| 1:23 | Create | Villager (Male) |
| 1:55 | Build | Lumber Camp |
| 2:02 | Create | Villager (Male) |
| 2:03 | Create | Villager (Male) |
| 2:23 | Create | Villager (Male) |
| 2:24 | Create | Villager (Male) |
| 3:19 | Create | Villager (Male) |
| 3:20 | Create | Villager (Male) |
| 3:20 | Create | Villager (Male) |
| 3:26 | Build | House |
| 3:43 | Create | Villager (Male) |
| 3:44 | Create | Villager (Male) |
| 4:00 | Build | Mill |
| 4:50 | Create | Villager (Male) |
| 4:51 | Create | Villager (Male) |
| 4:51 | Create | Villager (Male) |
| 4:51 | Create | Villager (Male) |
| 5:19 | Create | Villager (Male) |
| 5:19 | Create | Villager (Male) |
| 5:51 | Create | Villager (Male) |
| 6:06 | Create | Villager (Male) |
| 6:28 | Create | Villager (Male) |
| 6:28 | Create | Villager (Male) |
| 6:38 | Build | House |
| 6:49 | Create | Villager (Male) |
| 7:30 | Create | Villager (Male) |
| 7:47 | Research | Feudal Age |
| 8:25 | Create | Villager (Male) |
| 8:33 | Build | Barracks |
| 9:13 | Create | Villager (Male) |
| 9:30 | Build | Mining Camp |
| 9:34 | Research | Loom |
| 10:05 | Age | Feudal Age |
| 10:12 | Build | Archery Range |
| 10:19 | Research | Double-Bit Axe |
| 10:20 | Create | Villager (Male) |
| 10:31 | Build | Farm |
| 10:35 | Build | Farm |
| 10:42 | Build | House |
| 10:46 | Create | Villager (Male) |
| 10:54 | Create | Spearman |
| 10:54 | Create | Spearman |
| 11:07 | Create | Archer |
| 11:08 | Create | Archer |
| 11:13 | Create | Villager (Male) |
| 11:34 | Create | Archer |
| 11:38 | Create | Archer |
| 11:43 | Create | Villager (Male) |
| 11:47 | Build | Farm |
| 11:50 | Create | Villager (Male) |
| 12:03 | Create | Villager (Male) |
| 12:07 | Build | House |
| 12:31 | Create | Villager (Male) |
| 12:34 | Build | Farm |
| 12:41 | Build | House |
| 12:45 | Create | Archer |
| 12:52 | Build | Blacksmith |
| 13:01 | Create | Villager (Male) |
| 13:16 | Create | Villager (Male) |
| 13:20 | Build | Farm |
| 13:22 | Build | Farm |
| 13:45 | Create | Villager (Male) |
| 14:02 | Build | Farm |
| 14:05 | Build | Farm |
| 14:42 | Create | Archer |
| 14:42 | Create | Archer |
| 14:51 | Research | Fletching |
| 15:03 | Create | Villager (Male) |
| 15:04 | Create | Villager (Male) |
| 15:07 | Build | House |
| 15:09 | Build | House |
| 15:12 | Create | Archer |
| 15:21 | Create | Villager (Male) |
| 15:22 | Research | Horse Collar |
| 15:51 | Create | Villager (Male) |
| 15:51 | Create | Villager (Male) |
| 15:53 | Build | Farm |
| 15:54 | Build | Farm |
| 16:22 | Create | Archer |
| 16:32 | Create | Villager (Male) |
| 16:41 | Create | Archer |
| 16:44 | Create | Villager (Male) |
| 16:46 | Build | Farm |
| 16:46 | Build | Farm |
| 16:47 | Build | Farm |
| 17:25 | Build | Market |
| 17:35 | Build | Palisade Wall |
| 17:38 | Build | Palisade Wall |
| 17:47 | Create | Archer |
| 17:48 | Create | Archer |
| 18:21 | Build | Lumber Camp |
| 18:47 | Create | Archer |
| 18:51 | Create | Archer |
| 19:02 | Create | Villager (Male) |
| 19:06 | Research | Castle Age |
| 19:36 | Create | Villager (Male) |
| 19:53 | Create | Archer |
| 20:22 | Create | Villager (Male) |
| 20:36 | Create | Villager (Male) |
| 20:45 | Create | Villager (Male) |
| 20:57 | Build | Archery Range |
| 21:24 | Create | Archer |
| 21:24 | Create | Archer |
| 21:46 | Age | Castle Age |
| 21:55 | Create | Cavalry Archer |
| 21:56 | Create | Cavalry Archer |
| 22:00 | Research | Thumb Ring |
| 22:16 | Research | Bodkin Arrow |
| 22:23 | Build | House |
| 22:24 | Build | House |
| 22:37 | Build | Town Center |
| 22:44 | Create | Cavalry Archer |
| 22:44 | Create | Cavalry Archer |
| 22:56 | Create | Villager (Male) |
| 23:11 | Create | Villager (Male) |
| 23:11 | Create | Villager (Male) |
| 23:20 | Build | House |
| 23:22 | Build | House |
| 23:24 | Create | Cavalry Archer |
| 23:24 | Create | Cavalry Archer |
| 23:43 | Create | Villager (Male) |
| 24:04 | Build | Siege Workshop |
| 24:19 | Create | Cavalry Archer |
| 24:19 | Create | Cavalry Archer |
| 24:28 | Create | Villager (Male) |
| 24:38 | Create | Villager (Male) |
| 24:41 | Create | Cavalry Archer |
| 24:41 | Create | Cavalry Archer |
| 24:51 | Create | Villager (Male) |
| 24:55 | Build | Lumber Camp |
| 25:10 | Create | Cavalry Archer |
| 25:31 | Create | Villager (Male) |
| 25:32 | Create | Villager (Male) |
| 25:47 | Build | Palisade Gate |
| 25:54 | Build | Palisade Wall |
| 25:57 | Build | Palisade Wall |
| 26:28 | Create | Villager (Male) ×5 |
| 26:29 | Create | Cavalry Archer ×2 |
| 26:33 | Build | House |
| 26:35 | Create | Mangonel |
| 26:40 | Create | Villager (Male) |
| 26:41 | Create | Villager (Male) |
Build order — Sega Mega Drive
First 150 of 199 actions detected
| 0:03 | Create | Villager (Male) |
| 0:04 | Create | Villager (Male) |
| 0:06 | Build | House |
| 0:08 | Build | House |
| 0:29 | Research | Loom |
| 0:31 | Create | Villager (Male) |
| 0:31 | Create | Villager (Male) |
| 2:02 | Create | Villager (Male) |
| 2:03 | Create | Villager (Male) |
| 2:03 | Create | Villager (Male) |
| 2:23 | Create | Villager (Male) |
| 3:36 | Build | Lumber Camp |
| 3:40 | Create | Villager (Male) |
| 3:40 | Create | Villager (Male) |
| 3:41 | Create | Villager (Male) |
| 3:46 | Build | House |
| 3:51 | Create | Villager (Male) |
| 4:26 | Build | House |
| 4:43 | Create | Villager (Male) |
| 5:13 | Create | Villager (Male) |
| 5:32 | Create | Villager (Male) |
| 5:50 | Build | Mill |
| 6:21 | Create | Villager (Male) |
| 6:23 | Create | Villager (Male) |
| 7:06 | Build | Mill |
| 7:55 | Create | Villager (Male) |
| 7:56 | Create | Villager (Male) |
| 7:59 | Create | Villager (Male) |
| 9:11 | Build | House |
| 9:14 | Build | House |
| 9:18 | Create | Villager (Male) |
| 9:52 | Build | Mining Camp |
| 9:55 | Research | Feudal Age |
| 12:02 | Create | Villager (Male) |
| 12:02 | Create | Villager (Male) |
| 12:02 | Create | Villager (Male) |
| 12:05 | Age | Feudal Age |
| 12:19 | Build | Barracks |
| 12:26 | Create | Villager (Male) |
| 12:28 | Research | Double-Bit Axe |
| 13:16 | Build | Stone Wall |
| 13:24 | Create | Villager (Male) |
| 13:24 | Create | Villager (Male) |
| 13:34 | Build | Mining Camp |
| 14:28 | Build | Lumber Camp |
| 14:46 | Create | Villager (Male) |
| 15:48 | Build | Stable |
| 16:06 | Build | Blacksmith |
| 16:26 | Create | Scout Cavalry |
| 16:26 | Create | Scout Cavalry |
| 16:40 | Research | Horse Collar |
| 16:44 | Build | Farm |
| 16:44 | Build | Farm |
| 16:44 | Build | Farm |
| 16:44 | Build | Farm |
| 16:57 | Create | Villager (Male) |
| 17:17 | Create | Villager (Male) |
| 17:42 | Build | Farm |
| 17:42 | Build | Farm |
| 17:44 | Create | Villager (Male) |
| 18:05 | Build | Farm |
| 18:05 | Build | Farm |
| 18:06 | Build | Farm |
| 18:07 | Build | Farm |
| 18:13 | Build | Farm |
| 18:53 | Create | Villager (Male) |
| 18:58 | Create | Villager (Male) |
| 19:00 | Create | Villager (Male) |
| 19:11 | Build | Stone Wall |
| 20:06 | Create | Villager (Male) |
| 20:10 | Build | House |
| 20:14 | Build | House |
| 20:15 | Build | House |
| 20:38 | Create | Villager (Male) |
| 20:59 | Build | Stone Wall |
| 21:19 | Build | Farm |
| 21:20 | Build | Farm |
| 21:20 | Build | Farm |
| 21:21 | Build | Farm |
| 22:14 | Research | Castle Age |
| 23:30 | Create | Scout Cavalry |
| 23:30 | Create | Scout Cavalry |
| 23:30 | Create | Scout Cavalry |
| 23:58 | Build | Lumber Camp |
| 24:52 | Research | Scale Barding Armor |
| 24:54 | Age | Castle Age |
| 25:10 | Research | Light Cavalry (upgrade) |
| 25:45 | Build | Town Center |
| 25:55 | Create | Villager (Male) |
| 25:56 | Create | Villager (Male) |
| 26:08 | Create | Scout Cavalry |
| 27:25 | Create | Scout Cavalry |
| 27:25 | Create | Scout Cavalry |
| 27:37 | Create | Villager (Male) |
| 28:02 | Create | Scout Cavalry |
| 28:11 | Create | Villager (Male) |
| 28:52 | Create | Scout Cavalry |
| 28:52 | Create | Scout Cavalry |
| 29:02 | Build | Mill |
| 29:05 | Build | Farm |
| 29:06 | Build | Farm |
| 29:06 | Build | Farm |
| 29:06 | Build | Farm |
| 29:07 | Build | Farm |
| 29:07 | Build | Farm |
| 30:10 | Build | Farm |
| 30:10 | Build | Farm |
| 30:10 | Build | Farm |
| 30:10 | Build | Farm |
| 30:10 | Build | Farm |
| 30:39 | Build | Town Center |
| 30:50 | Create | Scout Cavalry |
| 31:27 | Create | Scout Cavalry |
| 31:27 | Create | Scout Cavalry |
| 31:47 | Create | Villager (Male) |
| 31:51 | Create | Villager (Male) |
| 31:52 | Create | Villager (Male) |
| 32:24 | Create | Villager (Male) |
| 32:24 | Create | Villager (Male) |
| 32:36 | Create | Villager (Male) |
| 32:40 | Build | Farm |
| 32:40 | Build | Farm |
| 32:40 | Build | Farm |
| 32:40 | Build | Farm |
| 32:41 | Build | Farm |
| 32:41 | Build | Farm |
| 32:57 | Create | Villager (Male) |
| 33:06 | Create | Villager (Male) |
| 33:38 | Research | Gold Mining |
| 33:43 | Create | Villager (Male) |
| 34:05 | Research | Bow Saw |
| 34:29 | Create | Scout Cavalry |
| 34:29 | Create | Scout Cavalry |
| 34:35 | Build | Farm |
| 34:35 | Build | Farm |
| 34:35 | Build | Farm |
| 34:37 | Build | Farm |
| 34:54 | Create | Villager (Male) |
| 34:54 | Create | Villager (Male) |
| 34:57 | Create | Villager (Male) |
| 35:26 | Create | Villager (Male) |
| 35:27 | Create | Villager (Male) |
| 35:28 | Create | Villager (Male) |
| 35:29 | Create | Villager (Male) |
| 35:37 | Build | Mill |
| 35:39 | Build | Farm |
| 35:39 | Build | Farm |
| 35:39 | Build | Farm |
| 35:40 | Build | Farm |
| 35:40 | Build | Farm |
Build order — Oatmeal_Helmet
First 150 of 304 actions detected
| 0:01 | Create | Villager (Male) |
| 0:02 | Create | Villager (Male) |
| 0:02 | Create | Villager (Male) |
| 0:03 | Build | House |
| 0:04 | Build | House |
| 0:32 | Create | Villager (Male) |
| 0:54 | Create | Villager (Male) |
| 1:46 | Create | Villager (Male) |
| 2:07 | Create | Villager (Male) |
| 2:26 | Create | Villager (Male) |
| 2:29 | Build | House |
| 2:48 | Create | Villager (Male) |
| 3:09 | Create | Villager (Male) |
| 3:43 | Create | Villager (Male) |
| 4:03 | Build | Mill |
| 4:20 | Create | Villager (Male) |
| 4:35 | Create | Villager (Male) |
| 4:52 | Build | House |
| 5:01 | Create | Villager (Male) |
| 5:12 | Create | Villager (Male) |
| 5:37 | Create | Villager (Male) |
| 6:01 | Create | Villager (Male) |
| 6:27 | Create | Villager (Male) |
| 6:43 | Create | Villager (Male) |
| 7:24 | Create | Villager (Male) |
| 7:37 | Create | Villager (Male) |
| 7:52 | Build | House |
| 8:05 | Build | Mining Camp |
| 8:10 | Create | Villager (Male) |
| 8:46 | Build | Lumber Camp |
| 8:48 | Create | Villager (Male) |
| 9:17 | Research | Feudal Age |
| 9:19 | Build | House |
| 11:11 | Create | Villager (Male) |
| 11:11 | Create | Villager (Male) |
| 11:21 | Age | Feudal Age |
| 11:38 | Build | Blacksmith |
| 11:42 | Build | Market |
| 12:12 | Build | Farm |
| 12:17 | Build | Farm |
| 12:22 | Research | Castle Age |
| 12:24 | Build | Farm |
| 12:27 | Build | Farm |
| 12:29 | Build | Farm |
| 14:03 | Build | Mining Camp |
| 14:08 | Build | Farm |
| 14:11 | Build | Farm |
| 14:32 | Create | Villager (Male) |
| 14:33 | Create | Villager (Male) |
| 14:47 | Age | Castle Age |
| 14:53 | Build | Town Center |
| 15:14 | Build | Town Center |
| 15:17 | Create | Villager (Male) |
| 15:44 | Create | Villager (Male) |
| 15:57 | Research | Double-Bit Axe |
| 15:59 | Create | Villager (Male) |
| 16:15 | Research | Horse Collar |
| 16:19 | Create | Villager (Male) |
| 16:24 | Create | Villager (Male) |
| 16:33 | Create | Villager (Male) |
| 16:38 | Build | Farm |
| 16:43 | Create | Villager (Male) |
| 16:59 | Build | Farm |
| 17:00 | Create | Villager (Male) |
| 17:03 | Create | Villager (Male) |
| 17:08 | Build | Farm |
| 17:23 | Research | Loom |
| 17:25 | Create | Villager (Male) |
| 17:27 | Create | Villager (Male) |
| 17:35 | Build | Farm |
| 17:37 | Build | Farm |
| 17:42 | Create | Villager (Male) |
| 17:55 | Build | Farm |
| 18:05 | Build | Monastery |
| 18:13 | Build | Barracks |
| 18:14 | Create | Villager (Male) |
| 18:17 | Create | Villager (Male) |
| 18:19 | Build | Farm |
| 18:29 | Create | Villager (Male) |
| 18:34 | Build | House |
| 18:38 | Create | Monk |
| 18:45 | Build | Farm |
| 18:47 | Build | Farm |
| 18:54 | Create | Villager (Male) |
| 18:57 | Create | Villager (Male) |
| 18:59 | Build | House |
| 19:16 | Create | Villager (Male) |
| 19:17 | Create | Villager (Male) |
| 19:20 | Build | Farm |
| 19:24 | Build | House |
| 19:29 | Build | House |
| 19:31 | Build | Farm |
| 19:32 | Create | Villager (Male) |
| 19:41 | Create | Villager (Male) |
| 19:49 | Create | Villager (Male) |
| 19:53 | Build | Farm |
| 20:00 | Create | Villager (Male) |
| 20:05 | Build | Stable |
| 20:10 | Create | Villager (Male) |
| 20:12 | Build | Farm |
| 20:33 | Build | Farm |
| 20:35 | Build | Farm |
| 20:40 | Build | Farm |
| 20:42 | Build | Farm |
| 20:42 | Create | Villager (Male) |
| 20:43 | Create | Villager (Male) |
| 20:43 | Create | Villager (Male) |
| 20:43 | Create | Villager (Male) |
| 20:56 | Build | House |
| 20:58 | Create | Knight |
| 20:58 | Create | Knight |
| 21:03 | Create | Villager (Male) |
| 21:08 | Build | Farm |
| 21:12 | Build | Farm |
| 21:13 | Create | Villager (Male) |
| 21:22 | Create | Villager (Male) |
| 21:30 | Build | House |
| 21:33 | Build | Farm |
| 21:36 | Build | Farm |
| 21:39 | Build | Farm |
| 21:47 | Create | Villager (Male) |
| 21:49 | Create | Villager (Male) |
| 21:56 | Research | Forging |
| 21:59 | Build | House |
| 22:02 | Create | Villager (Male) |
| 22:16 | Build | Farm |
| 22:18 | Create | Villager (Male) |
| 22:21 | Create | Villager (Male) |
| 22:25 | Build | Farm |
| 22:32 | Build | Stable |
| 22:35 | Create | Villager (Male) |
| 22:42 | Create | Knight |
| 22:42 | Create | Knight |
| 22:45 | Create | Villager (Male) |
| 22:56 | Build | Farm |
| 22:58 | Create | Villager (Male) |
| 23:02 | Create | Villager (Male) |
| 23:04 | Build | Lumber Camp |
| 23:05 | Create | Villager (Male) |
| 23:07 | Create | Villager (Male) |
| 23:10 | Create | Villager (Male) |
| 23:12 | Build | Farm |
| 23:30 | Create | Villager (Male) |
| 23:30 | Research | Wheelbarrow |
| 23:36 | Research | Scale Mail Armor |
| 23:41 | Build | Farm |
| 23:46 | Research | Bow Saw |
| 23:52 | Create | Villager (Male) |
| 23:53 | Create | Villager (Male) |
| 23:57 | Build | House |
Match timeline
| 5:08 | JenbkaExile · wall_segment Palisade Wall x10 |
| 6:30 | JenbkaExile · wall_segment Palisade Wall x7 |
| 6:34 | JenbkaExile · wall_segment Palisade Wall x18 |
| 8:33 | SheepofLegend · first_building Barracks |
| 8:34 | HorkTheLegend · first_building Barracks |
| 9:14 | JenbkaExile · first_building Barracks |
| 9:51 | alexisxsegura · wall_segment Palisade Wall x1 |
| 9:53 | alexisxsegura · wall_segment Palisade Wall x1 |
| 9:56 | alexisxsegura · wall_segment Palisade Wall x1 |
| 9:58 | alexisxsegura · wall_segment Palisade Wall x1 |
| 9:59 | HorkTheLegend · age_up feudal |
| 10:03 | alexisxsegura · wall_segment Palisade Wall x1 |
| 10:04 | HorkTheLegend · first_building Archery Range |
| 10:05 | SheepofLegend · age_up feudal |
| 10:06 | alexisxsegura · wall_segment Palisade Wall x1 |
| 10:11 | alexisxsegura · wall_segment Palisade Wall x1 |
| 10:12 | SheepofLegend · first_building Archery Range |
| 10:13 | alexisxsegura · wall_segment Palisade Wall x1 |
| 10:18 | HorkTheLegend · wall_segment Stone Wall x12 |
| 10:19 | alexisxsegura · wall_segment Palisade Wall x1 |
| 10:24 | alexisxsegura · wall_segment Palisade Wall x1 |
| 10:26 | alexisxsegura · wall_segment Palisade Wall x1 |
| 10:33 | JenbkaExile · age_up feudal |
| 10:39 | JenbkaExile · wall_segment Stone Wall x11 |
| 10:50 | JenbkaExile · wall_segment Stone Wall x25 |
| 11:06 | HorkTheLegend · wall_segment Stone Wall x8 |
| 11:14 | JenbkaExile · first_building Archery Range |
| 11:21 | Oatmeal_Helmet · age_up feudal |
| 11:36 | alexisxsegura · age_up feudal |
| 12:05 | alexisxsegura · wall_segment Palisade Wall x1 |
| 12:05 | Sega Mega Drive · age_up feudal |
| 12:08 | alexisxsegura · wall_segment Palisade Wall x1 |
| 12:19 | Sega Mega Drive · first_building Barracks |
| 12:41 | HorkTheLegend · wall_segment Stone Wall x5 |
| 12:44 | HorkTheLegend · wall_segment Stone Wall x2 |
| 13:16 | Sega Mega Drive · wall_segment Stone Wall x27 |
| 13:25 | HorkTheLegend · wall_segment Stone Wall x1 |
| 13:27 | HorkTheLegend · wall_segment Stone Wall x1 |
| 14:46 | alexisxsegura · first_building Barracks |
| 14:47 | Oatmeal_Helmet · age_up castle |
| 15:48 | Sega Mega Drive · first_building Stable |
| 16:28 | JenbkaExile · age_up castle |
| 17:01 | alexisxsegura · age_up castle |
| 17:18 | alexisxsegura · first_market_buy 100 food |
| 17:35 | SheepofLegend · wall_segment Palisade Wall x9 |
| 17:38 | SheepofLegend · wall_segment Palisade Wall x28 |
| 18:05 | Oatmeal_Helmet · first_building Monastery |
| 18:13 | Oatmeal_Helmet · first_building Barracks |
| 19:11 | Sega Mega Drive · wall_segment Stone Wall x11 |
| 20:05 | Oatmeal_Helmet · first_building Stable |
| 20:07 | HorkTheLegend · age_up castle |
| 20:51 | JenbkaExile · first_building Siege Workshop |
| 20:59 | Sega Mega Drive · wall_segment Stone Wall x7 |
| 21:46 | SheepofLegend · age_up castle |
| 23:01 | alexisxsegura · first_market_sell 100 food |
| 23:31 | HorkTheLegend · first_building Siege Workshop |
| 23:36 | HorkTheLegend · first_market_sell 100 food |
| 23:37 | HorkTheLegend · first_market_buy 100 wood |
| 24:04 | SheepofLegend · first_building Siege Workshop |
| 24:33 | Oatmeal_Helmet · first_building Castle |
| 24:54 | Sega Mega Drive · age_up castle |
| 25:08 | JenbkaExile · wall_segment Stone Wall x1 |
| 25:21 | JenbkaExile · wall_segment Stone Wall x8 |
| 25:23 | JenbkaExile · wall_segment Stone Wall x12 |
| 25:24 | JenbkaExile · wall_segment Stone Wall x10 |
| 25:54 | SheepofLegend · wall_segment Palisade Wall x12 |
| 25:57 | SheepofLegend · wall_segment Palisade Wall x1 |
| 26:21 | HorkTheLegend · first_building Monastery |
| 26:30 | Oatmeal_Helmet · tribute_sent a jugador 1 |
| 26:30 | Oatmeal_Helmet · tribute_sent a jugador 2 |
| 26:30 | Oatmeal_Helmet · tribute_sent a jugador 3 |
| 26:30 | Oatmeal_Helmet · tribute_sent a jugador 4 |
| 26:30 | Oatmeal_Helmet · tribute_sent a jugador 5 |
| 27:07 | JenbkaExile · first_building Castle |
| 27:25 | JenbkaExile · wall_segment Stone Wall x1 |
| 27:35 | SheepofLegend · first_market_sell 500 wood |
| 28:25 | Oatmeal_Helmet · first_building Siege Workshop |
| 28:32 | HorkTheLegend · first_building Castle |
| 28:45 | JenbkaExile · first_building Monastery |
| 29:06 | JenbkaExile · wall_segment Stone Wall x18 |
| 29:28 | Oatmeal_Helmet · first_market_sell 100 food |
| 29:44 | JenbkaExile · wall_segment Stone Wall x15 |
| 30:36 | JenbkaExile · wall_segment Stone Wall x10 |
| 30:49 | JenbkaExile · wall_segment Stone Wall x22 |
| 31:43 | Oatmeal_Helmet · tribute_sent a jugador 1 |
| 31:43 | Oatmeal_Helmet · tribute_sent a jugador 2 |
| 31:43 | Oatmeal_Helmet · tribute_sent a jugador 3 |
| 31:43 | Oatmeal_Helmet · tribute_sent a jugador 4 |
| 31:43 | Oatmeal_Helmet · tribute_sent a jugador 5 |
| 31:49 | SheepofLegend · wall_segment Stone Wall x17 |
| 32:06 | JenbkaExile · age_up imperial |
| 32:18 | Oatmeal_Helmet · age_up imperial |
| 32:35 | SheepofLegend · wall_segment Stone Wall x5 |
| 32:38 | SheepofLegend · wall_segment Stone Wall x3 |
| 32:41 | SheepofLegend · wall_segment Stone Wall x6 |
| 33:55 | alexisxsegura · wall_segment Palisade Wall x1 |
| 34:13 | HorkTheLegend · age_up imperial |
| 34:52 | SheepofLegend · wall_segment Palisade Wall x2 |
| 35:06 | alexisxsegura · first_building Monastery |
| 35:36 | SheepofLegend · first_building Castle |
| 37:14 | SheepofLegend · wall_segment Stone Wall x4 |
| 37:30 | SheepofLegend · wall_segment Palisade Wall x6 |
| 39:03 | Sega Mega Drive · first_building Castle |
| 39:07 | alexisxsegura · age_up imperial |
| 40:35 | alexisxsegura · resign |
[ AI ANALYSIS · 1 CREDIT ]
What really happened in this match?
Wolo.gg analyzes every decision: build order, eco, micro, common mistakes by bracket. Personalized analysis on WhatsApp or Discord in 30 seconds.
Civ guide
Ethiopians
Map guide
Oasis
Perfil
HorkTheLegend